 Dungeon Crawl Stone Soup version 0.23.2-1-ga50397a6bc (webtiles) character file.

Game seed: 9837736807133433737

202 LabCoat the Chopper (level 5, -1/46 HPs)
             Began as a Hill Orc Fighter on May 23, 2019.
             Killed from afar by an orc wizard (5 damage)
             ... with a magic dart
             ... on level 4 of the Dungeon.
             The game lasted 00:10:50 (3613 turns).

LabCoat the Chopper (Hill Orc Fighter)              Turns: 3613, Time: 00:10:50

Health: -1/46      AC:  9    Str: 19    XL:     5   Next: 80%
Magic:  5/5        EV:  7    Int:  8    God:
Gold:   141        SH:  9    Dex: 11    Spells: 4/4 levels left

rFire    . . .     SeeInvis .   a - +0 war axe
rCold    . . .     Gourm    .   c - +0 shield
rNeg     . . .     Faith    .   b - +0 scale mail
rPois    .         Spirit   .   (no helmet)
rElec    .         Reflect  .   i - +0 cloak
rCorr    .         Harm     .   (no gloves)
MR       .....                  m - +0 pair of boots
Stlth    ..........             (no amulet)
HPRegen  0.15/turn              (no ring)
MPRegen  0.09/turn              (no ring)

@: lethally poisoned (-1 -> -49), about to teleport
A: no striking features
a: no special abilities


You were on level 4 of the Dungeon.
You were not hungry.

You visited 1 branch of the dungeon, and saw 4 of its levels.

You collected 141 gold pieces.

Inventory:

Hand Weapons
 a - a +0 war axe (weapon)
 n - a +0 flail of draining
Missiles
 p - 6 javelins (quivered)
Armour
 b - a +0 scale mail (worn)
 c - a +0 shield (worn)
 i - a +0 cloak (worn)
 m - a +0 pair of boots (worn)
Wands
 o - a wand of enslavement (6)
Scrolls
 k - 2 scrolls of fog
 l - 2 scrolls of enchant weapon
 t - a scroll of amnesia {unknown}
Potions
 d - a potion of might
 e - a potion of agility {unknown}
 q - a potion of degeneration {unknown}
Comestibles
 f - 3 rations


   Skills:
 + Level 4.1 Fighting
 * Level 5.8 Axes
 + Level 4.1 Armour
 + Level 4.3 Shields


You had 4 spell levels left.
You didn't know any spells.
Your spell library contained the following spells:

 Spells                   Type           Power        Failure   Level  Hunger
 Magic Dart               Conj           #...         99%         1    ##.....
 Blink                    Tloc           N/A          100%        2    ###....
 Call Imp                 Summ           #.......     100%        2    ###....
 Slow                     Hex            #.......     100%        2    ###....
 Conjure Flame            Conj/Fire      #.......     100%        3    ####...
 Mephitic Cloud           Conj/Pois/Air  #.......     100%        3    ####...


Dungeon Overview and Level Annotations

Branches:
Dungeon (4/15)
 Temple: D:4-7

Altars:
Gozag


Message History

You feel very sick.
An orc wizard appears from thin air!
Reactivating autopickup.
The orc wizard hits you with a +2 dagger of venom.
* * * LOW HITPOINT WARNING * * *
You are more poisoned.
You block the leopard gecko's attack.
Okay, then.
As you read the scroll of teleportation, it crumbles to dust.
You feel strangely unstable.
* * * LOW HITPOINT WARNING * * *
You feel very sick. You block the leopard gecko's attack.
The orc wizard hits you but does no damage.
You are more poisoned.
* * * LOW HITPOINT WARNING * * *
You feel very sick.
The orc wizard points at you and mumbles some strange words.
The magic dart hits you.
You die...

##....... .........
#........ #........
#...... ##....
#####+##...#+#
.......#.@.#.#
.......#ool..#
.......##..### ..
....... #..# ###.#
......)##..# #.#.#
###.)....# ..#.#
#....##...# #.#.#
#.....#...# #.#.#
#.........##########


You could see an orc wizard, an orc and a leopard gecko.

Vanquished Creatures
  An orc wizard (D:4)
  An orc priest (D:3)
  A worker ant (D:4)
  A hound skeleton (D:2)
  4 adders
  2 worms
  A leopard gecko (D:2)
  9 orcs
  A ball python (D:1)
  10 bats
  4 giant cockroaches
  2 goblins
  7 hobgoblins
  2 jackals (D:4)
  A quokka (D:3)
  2 frilled lizards
  A jackal skeleton (D:4)
  7 rats
57 creatures vanquished.

Notes
Turn   | Place    | Note
-------+----------+-------------------------------------------
     0 | D:1      | LabCoat the Hill Orc Fighter began the quest for the Orb.
     0 | D:1      | Reached XP level 1. HP: 19/19 MP: 1/1
   290 | D:1      | Reached XP level 2. HP: 27/27 MP: 2/2
   332 | D:1      | Reached skill level 3 in Axes
  1490 | D:2      | Reached XP level 3. HP: 28/33 MP: 3/3
  1557 | D:2      | Found an opulent altar of Gozag.
  1743 | D:2      | Reached skill level 4 in Axes
  2240 | D:3      | Reached XP level 4. HP: 40/40 MP: 4/4
  2690 | D:3      | Reached skill level 5 in Axes
  2690 | D:3      | Reached XP level 5. HP: 46/46 MP: 5/5
  3613 | D:4      | Killed from afar by an orc wizard

Skill      XL: |  1  2  3  4  5 |
---------------+----------------+-----
Axes           | 3 4 5 |  5.8
Fighting       | 4 |  4.1
Shields        | 4 |  4.3
Armour         | 4 |  4.1

Action                   |  1- 3 |  4- 6 || total
-------------------------+-------+-------++-------
Melee: War axe           |   126 |   117 ||   243
  Use: Scroll            |     6 |     3 ||     9
       Potion            |       |     5 ||     5
  Eat: Ration            |     2 |       ||     2
       Chunk             |       |     2 ||     2
Armor: Scale mail        |    86 |    77 ||   163
Dodge: Dodged            |    42 |    52 ||    94
Block: Shield            |    78 |    75 ||   153
